 Dungeon Crawl Stone Soup version 0.28-a0-1415-g7c84da036a (webtiles) character file.

Game seed: 15658060066742802681

84 bande the Covered (level 4, -3/29 HPs)
             Began as a Gargoyle Fighter on Jan 8, 2022.
             Slain by an iguana (9 damage)
             ... on level 3 of the Dungeon.
             The game lasted 00:05:05 (2441 turns).

bande the Covered (Gargoyle Fighter)                Turns: 2441, Time: 00:05:06

Health: -3/29      AC: 10    Str: 19    XL:     4   Next: 45%
Magic:  4/4        EV:  7    Int:  9    God:
Gold:   91         SH:  8    Dex: 11    Spells: 3/3 levels left

rFire   . . .      SeeInvis .   a - +0 war axe
rCold   . . .      Faith    .   i - +0 kite shield
rNeg    + . .      Spirit   .   b - +0 scale mail
rPois   ∞          Reflect  .   (no helmet)
rElec   +          Harm     .   (no cloak)
rCorr   .          Rampage  .   (no gloves)
Will    .....                   (no boots)
Stlth   ..........              (no amulet)
HPRegen 0.09/turn               (no ring)
MPRegen 0.09/turn               (no ring)

@: no status effects
A: sickness immunity, AC +3, negative energy resistance 1, electricity
resistance, torment resistance 1, petrification resistance
a: no special abilities


You were on level 3 of the Dungeon.
You visited 1 branch of the dungeon, and saw 3 of its levels.

You collected 91 gold pieces.

Inventory:

Hand Weapons
 a - a +0 war axe (weapon)
 g - a +0 flail
Armour
 b - a +0 scale mail (worn)
 i - a +0 kite shield (worn)
Potions
 d - a potion of might
 e - a potion of curing
 f - a potion of flight {unknown}
 h - a potion of heal wounds {unknown}


   Skills:
 + Level 3.8 Fighting
 + Level 3.1 Axes
 + Level 3.9 Armour
 + Level 3.5 Shields


You had 3 spell levels left.
You didn't know any spells.
Your spell library was empty.

Dungeon Overview and Level Annotations

Branches:
Dungeon (3/15)

Altars:

Shops:
D:1 !=**


Innate Abilities, Weirdness & Mutations

You are immune to sickness and miasma.
Your stone body is resilient. (AC +3)
You are immune to poison.
You resist negative energy. (rN+)
You are resistant to electric shocks. (rElec)
You are resistant to unholy torment.
You are immune to petrification.


Message History

The iguana bites you but does no damage.
The goblin closely misses you. You block the iguana's attack.
You block the goblin's attack.
You hit the iguana.
The iguana is heavily wounded.
You closely miss the goblin. You block the iguana's attack.
The goblin hits you but does no damage.
The giant cockroach waves its antennae.
You barely miss the iguana.
The iguana is heavily wounded.
You closely miss the goblin. The iguana bites you.
The goblin hits you but does no damage. The iguana bites you.
You block the goblin's attack.
You hit the iguana.
The iguana is severely wounded.
You hit the goblin but do no damage. The iguana barely misses you.
The goblin hits you but does no damage.
You hit the iguana but do no damage.
The iguana is severely wounded.
You closely miss the goblin. You barely miss the giant cockroach.
The giant cockroach bites you but does no damage.
The iguana bites you but does no damage.
The goblin closely misses you. The giant cockroach closely misses you.
The iguana bites you but does no damage.
The goblin barely misses you.
You closely miss the goblin. You hit the giant cockroach.
You hit the iguana but do no damage.
The giant cockroach waves its antennae.
You block the giant cockroach's attack. You block the iguana's attack.
The goblin barely misses you. The giant cockroach barely misses you.
Unknown command.
You slash the goblin!
You kill the goblin!
You hit the giant cockroach. You closely miss the iguana.
The giant cockroach barely misses you. The iguana bites you!
* * * LOW HITPOINT WARNING * * *
The giant cockroach bites you.
* * * LOW HITPOINT WARNING * * *
The iguana bites you!
You die...

##########
#######.........
................
................
................
........<.....!.
..[#...########
#.B@.......
......l).......
...............
...............
...............
#..#....##+#...
#.>...... ...
##.#.###. ..


You could see an iguana and a giant cockroach.

Vanquished Creatures
  An adder (D:2)
  2 gnolls (D:1)
  A worm (D:2)
  A dart slug (D:1)
  3 ball pythons
  6 endoplasms
  6 goblins
  2 hobgoblins (D:1)
  2 jackals (D:1)
  3 kobolds
  6 quokkas
  8 bats
  3 frilled lizards
  3 rats
47 creatures vanquished.

Notes
Turn   | Place    | Note
-------+----------+-------------------------------------------
     0 | D:1      | bande the Gargoyle Fighter began the quest for the Orb.
     0 | D:1      | Reached XP level 1. HP: 14/14 MP: 1/1
   703 | D:1      | Reached XP level 2. HP: 14/19 MP: 2/2
   816 | D:1      | Found Poenar's General Store.
   976 | D:1      | Found Gurchoi's General Store.
   980 | D:1      | Found Ushrunieqi's Jewellery Emporium.
  1095 | D:1      | Reached XP level 3. HP: 21/23 MP: 3/3
  1712 | D:1      | Found Kezu's Distillery.
  1830 | D:2      | Reached XP level 4. HP: 24/29 MP: 4/4
  2441 | D:3      | Slain by an iguana

Illustrated notes

Levels and vault maps discovered:
D:1:      amcnicky_arrival_choice, layout_basic, serial_shops,
          nicolae_shop_window_shopping, nicolae_shop_waterfront, shop,
          nicolae_shop_stone, minmay_cut_off
D:2:      layout_basic, minivault_24
D:3:      layout_basic, chequers_temple_overflow_statue_of_worship

Skill      XL: |  1  2  3  4 |
---------------+-------------+-----
Axes           | 2 3 |  3.1
Fighting       | |  3.8
Armour         | |  3.9
Shields        | |  3.5

Action                   |  1- 3 |  4- 6 || total
-------------------------+-------+-------++-------
Melee: War axe           |    98 |    62 ||   160
  Use: Scroll            |     1 |     3 ||     4
Armor: Scale mail        |    57 |    45 ||   102
Dodge: Dodged            |    50 |    37 ||    87
Block: Buckler           |    23 |    15 ||    38
       Kite shield       |       |     8 ||     8

Table legend: (Time is in decaauts)
 A = Elapsed time spent in this place.
 B = Non-inter-level travel time spent in this place.
 C = Inter-level travel time spent in this place.
 D = Time resting spent in this place.
 E = Time spent auto-exploring this place.
 F = Levels seen in this place.
 G = Mean time per level.
                   A        B        C        D        E       F      G
               +--------+--------+--------+--------+--------+-----+--------+
         Total |   2508 |   2494 |     14 |    930 |   1141 |   3 |  836.0 |
       Dungeon |   2508 |   2494 |     14 |    930 |   1141 |   3 |  836.0 |
               +--------+--------+--------+--------+--------+-----+--------+

Top non-repeatable levels by time:
     D:1: 1835 daAuts
     D:2: 660 daAuts
     D:3: 13 daAuts
